 Dungeon Crawl Stone Soup version 0.28-a0-804-g60983d4ba9 (webtiles) character file.

Game seed: 14761054789692405104

105 cheechan the Chopper (level 4, -6/42 HPs)
             Began as a Naga Fighter on Nov 7, 2021.
             Mangled by an ogre (20 damage)
             ... on level 4 of the Dungeon.
             The game lasted 00:10:46 (2942 turns).

cheechan the Chopper (Naga Fighter)                 Turns: 2942, Time: 00:10:47

Health: -6/42      AC:  5    Str: 19    XL:     4   Next: 83%
Magic:  4/4        EV:  7    Int:  8    God:
Gold:   80         SH:  4    Dex: 11    Spells: 3/3 levels left

rFire   . . .      SeeInvis +   a - +0 war axe
rCold   . . .      Faith    .   c - +0 buckler
rNeg    . . .      Spirit   .   b - +0 scale mail
rPois   +          Reflect  .   (no helmet)
rElec   .          Harm     +   e - scarf {harm}
rCorr   .          Rampage  .   (no gloves)
Will    .....                   (no barding)
Stlth   ..........              (no amulet)
HPRegen 0.14/turn               (no ring)
MPRegen 0.09/turn               (no ring)

@: mighty, very slow
A: AC +1, large, see invisible, deformed body, poison resistance, slowness 2,
spit poison 1, naga tail 1
a: Spit Poison


You were on level 4 of the Dungeon.
You visited 1 branch of the dungeon, and saw 4 of its levels.

You collected 80 gold pieces.

Inventory:

Hand Weapons
 a - a +0 war axe (weapon)
Missiles
 f - 51 arrows
 i - 32 bolts
 j - 3 curare-tipped darts
Armour
 b - a +0 scale mail (worn)
 c - a +0 buckler (worn)
 e - a scarf of harm (worn)
Wands
 l - a wand of flame (18)
Scrolls
 g - a scroll of amnesia
 h - a scroll of teleportation
 m - a scroll of noise
Potions
 d - a potion of might
 k - a potion of heal wounds {unknown}


   Skills:
 + Level 3.4 Fighting
 + Level 3.4 Axes
 + Level 3.1 Armour
 + Level 0.3 Dodging
 + Level 0.2 Stealth
 + Level 2.7 Shields


You had 3 spell levels left.
You didn't know any spells.
Your spell library contained the following spells:

 Spells                   Type           Power      Damage    Failure   Level
 Ensorcelled Hibernation  Hex/Ice        0%         N/A       89%         2
 Tukima's Dance           Hex            0%         N/A       98%         3


Dungeon Overview and Level Annotations

Branches:
Dungeon (4/15)
 Temple: D:4-7

Altars:
Ashenzari
Sif Muna
Uskayaw

Shops:
D:2 [


Innate Abilities, Weirdness & Mutations

Your serpentine skin is tough. (AC +1)
You have supernaturally acute eyesight. (SInv)
Armour fits poorly on your strangely shaped body.
Your system is resistant to poisons. (rPois)
You cover ground very slowly.
You can spit poison.
You have a snake-like lower body.


Message History

You see here a +0 hand axe.
f - 51 arrows (gained 20)
A jackal comes into view.
The jackal barks!
A goblin comes into view. It is wielding a +0 dagger.
The goblin shouts!
The jackal bites you but does no damage.
You barely miss the jackal. The jackal bites you. x2
You closely miss the jackal.
The jackal bites you but does no damage.
You block the jackal's attack.
You slash the jackal!
You kill the jackal!
The goblin hits you with a +0 dagger.
You slash the goblin!
You kill the goblin!
You now have 60 gold pieces (gained 3).
Things that are here:
a +0 dagger; a goblin corpse
Found 10 gold pieces.
You now have 70 gold pieces (gained 10).
Found 10 gold pieces.
You now have 80 gold pieces (gained 10).
Found a ring mail.
You see here a +0 ring mail.
Found a scroll of noise.
You see here a scroll of noise.
m - a scroll of noise An ogre comes into view.
It is wielding a +0 giant club.
The ogre shouts!
The ogre hits you with a +0 giant club! The ogre barely misses you.
You block the ogre's attack. The ogre hits you with a +0 giant club.
You feel very mighty all of a sudden.
You barely miss the ogre. The ogre hits you with a +0 giant club!
You slice the ogre!!
The ogre is almost dead.
The ogre hits you with a +0 giant club!
You die...

#.#.#..
###...###.
#.......##.
#.##.##.#
.. #.##.#
.# #.##.#
.# #.##.#
.#
#.##.##.#
#....O@.#
####.####
#.# #.# #.#
#.# #.# #..


You could see an ogre.

Vanquished Creatures
  4 adders
  2 worms (D:2)
  4 orcs
  4 ball pythons
  3 endoplasms
  2 giant cockroaches
  6 hobgoblins
  4 jackals
  4 kobolds
  3 quokkas
  9 bats
  A frilled lizard (D:3)
  6 goblins
  5 rats
57 creatures vanquished.

Notes
Turn   | Place    | Note
-------+----------+-------------------------------------------
     0 | D:1      | cheechan the Naga Fighter began the quest for the Orb.
     0 | D:1      | Reached XP level 1. HP: 21/21 MP: 1/1
    98 | D:1      | Reached XP level 2. HP: 12/28 MP: 2/2
   815 | D:2      | Reached XP level 3. HP: 34/34 MP: 3/3
   832 | D:2      | Found Bostran's Antique Armour Shoppe.
  1018 | D:2      | Found a hide-covered altar of Uskayaw.
  1025 | D:2      | Reached XP level 4. HP: 34/42 MP: 4/4
  1363 | D:2      | Found a faded altar of an unknown god.
  1428 | D:3      | Found a broken altar of Ashenzari.
  1447 | D:3      | Found a shimmering blue altar of Sif Muna.
  2933 | D:4      | Noticed an ogre
  2942 | D:4      | Mangled by an ogre

Illustrated notes

Levels and vault maps discovered:
D:1:      saegor_arrival_miasma, layout_basic, minmay_tetromino_o2
D:2:      layout_rooms, basic_altar, serial_shops, shop,
          chequers_ecumenical_altar_grove
D:3:      layout_basic, mainiacjoe_overflow_large_starburst,
          hangedman_abyss_or_decor_lesser_grid
D:4:      layout_loops_cross, nemelex_dance_club_becter

Skill      XL: |  1  2  3  4 |
---------------+-------------+-----
Armour         | 3 |  3.1
Axes           | 3 |  3.4
Fighting       | |  3.4
Dodging        | |  0.3
Stealth        | |  0.2
Shields        | |  2.7

Action                   |  1- 3 |  4- 6 || total
-------------------------+-------+-------++-------
Melee: War axe           |    87 |    60 ||   147
 Abil: Spit Poison       |     5 |     7 ||    12
  Use: Scroll            |     2 |     5 ||     7
       Potion            |       |     1 ||     1
Armor: Scale mail        |    45 |    52 ||    97
Dodge: Dodged            |    43 |    33 ||    76
Block: Buckler           |    16 |    19 ||    35

Table legend: (Time is in decaauts)
 A = Elapsed time spent in this place.
 B = Non-inter-level travel time spent in this place.
 C = Inter-level travel time spent in this place.
 D = Time resting spent in this place.
 E = Time spent auto-exploring this place.
 F = Levels seen in this place.
 G = Mean time per level.
                   A        B        C        D        E       F      G
               +--------+--------+--------+--------+--------+-----+--------+
         Total |   3917 |   3917 |      0 |    432 |      0 |   4 |  979.2 |
       Dungeon |   3917 |   3917 |      0 |    432 |      0 |   4 |  979.2 |
               +--------+--------+--------+--------+--------+-----+--------+

Top non-repeatable levels by time:
     D:3: 1717 daAuts
     D:1: 966 daAuts
     D:2: 880 daAuts
     D:4: 352 daAuts
